 Dungeon Crawl Stone Soup version 0.14-a0-1739-g6c2808e (webtiles) character file.

805 Mitsuki the Gusty (level 7, -4/41 HPs)
             Began as a Halfling Air Elementalist on Jan 3, 2014.
             Was a Follower of Vehumet.
             Killed by divine providence
             ... invoked by an orc priest
              (15 damage)
             ... on Level 5 of the Dungeon.
             The game lasted 00:39:21 (5745 turns).

Mitsuki the Gusty (Halfling Air Elementalist)       Turns: 5745, Time: 00:39:21

HP  -4/41        AC  5     Str 12      XL: 7   Next: 62%
MP   5/12        EV 16     Int 15      God: Vehumet [*.....]
Gold 229         SH  0     Dex 17      Spells:  4 memorised,  5 levels left

rFire  . . .     SeeInvis .     (no weapon)
rCold  . . .     Clarity  .     a - +0 robe
rNeg   . . .     Conserve .     (no shield)
rPois  .         rCorr    .     o - +1 cap of the Flute {Str+5}
rElec  .         rRot     .     i - +0 dwarf cloak
SustAb . .       Spirit   .     (no gloves)
rMut   .         Warding  .     d - +0 pair of elf boots
Saprov . . .     Stasis   .     (no amulet)
                                (no ring)
                                (no ring)

@: slightly resistant to hostile enchantments, quite stealthy
A: mutation resistance 1, slow metabolism 1
a: Renounce Religion


You were on level 5 of the Dungeon.
You worshipped Vehumet.
Vehumet was aware of your devotion.
You were not hungry.

You visited 1 branch of the dungeon, and saw 5 of its levels.

You collected 229 gold pieces.

Inventory:

Armour
 a - a +0 robe (worn)
 d - a +0 pair of elven boots (worn)
 i - a +0 dwarven cloak (worn)
 o - the +1 cap of the Flute (worn) {Str+5}
   (You found it on level 5 of the Dungeon)

   It affects your strength (+5).
Comestibles
 c - 3 bread rations
 g - a choko
 l - an orange
 n - an apple
Scrolls
 e - a scroll of remove curse {unknown}
 f - a scroll of teleportation
 j - 2 scrolls of enchant armour {unknown}
 k - 3 scrolls of curse jewellery {unknown}
 r - a scroll of identify
Potions
 h - a potion of curing
 m - 3 potions of heal wounds {unknown}
 p - a potion of speed {unknown}
Books
 b - a book of Air

   Spells                             Type                      Level
   *Shock                             Conjuration/Air              1
   *Swiftness                         Charms/Air                   2
   *Repel Missiles                    Charms/Air                   2
   Flight                             Charms/Air                   3
   Static Discharge                   Conjuration/Air              3
   Lightning Bolt                     Conjuration/Air              5


   Skills:
 - Level 3.1 Dodging
 - Level 3.0 Stealth
 + Level 2.6 Spellcasting
 + Level 3.3 Conjurations
 + Level 1.0 Fire Magic
 + Level 6.6 Air Magic


You had 5 spell levels left.
You knew the following spells:

 Your Spells              Type           Power        Failure   Level  Hunger
a - Shock                 Conj/Air       ###.         2%          1    #......
b - Swiftness             Chrm/Air       ##......     12%         2    ##.....
c - Flame Tongue          Conj/Fire      #....        12%         1    #......
d - Repel Missiles        Chrm/Air       ##........   12%         2    ##.....


Dungeon Overview and Level Annotations

Branches:
Dungeon (5/16)
 Temple: D:4-7

Altars:
Cheibriados
Elyvilon
Kikubaaqudgha
Vehumet


Innate Abilities, Weirdness & Mutations

You are small and have problems with some larger weapons.
You are somewhat resistant to further mutation.
You have a slow metabolism.


Message History

Casting: Shock
Confirm with . or Enter, or press ? or * to list all spells.
Aiming: Shock
Press: ? - help, Shift-Dir - straight line
Okay, then.
An orc wizard appears from thin air!
Reactivating autopickup.
The orc wizard gestures wildly while chanting.
The orc wizard flickers and vanishes!
Deactivating autopickup; reactivate with Ctrl-A.
Something tries to affect you, but you resist.
The magic dart hits you!
The orc priest utters an invocation to Beogh.
You feel a wave of unholy energy pass over you.
The orc priest mumbles some strange prayers to Beogh against you.
Pain shoots through your body!
* * * LOW HITPOINT WARNING * * *
The orc priest invokes the aid of Beogh against you.
Something smites you!
You die...

#......#######
#.{....# #.o....#
##o##### #.# .# #.##
#.# #..## .. ##..#
.# ###@## ###.#####
#....#######.......#
#....#.....(.......#
#....#.#####.......#
#....#.# #........
#....'.# #.......#
#....### #....>.>#
###### #.......#
##.######


You could see an orc priest.

Vanquished Creatures
  2 ogres (D:5)
  A crimson imp (D:3)
  A jelly (D:5)
  A hound (D:5)
  An orc wizard (D:5)
  A scorpion (D:4)
  2 worker ants
  Terence (D:3)
  7 adders
  3 gnolls (D:4)
  2 giant mites
  A worm (D:3)
  3 giant geckos
  8 orcs
  4 giant cockroaches
  6 goblins
  13 hobgoblins
  5 jackals
  A ball python (D:1)
  8 bats
  4 giant newts
  A gnoll skeleton (D:4)
  8 kobolds
  9 rats
  2 butterflies (D:3)
95 creatures vanquished.

Vanquished Creatures (others)
  A quokka (D:4)
1 creature vanquished.

Grand Total: 96 creatures vanquished

Notes
Turn   | Place    | Note
--------------------------------------------------------------
     0 | D:1      | Mitsuki, the Halfling Air Elementalist, began the quest for the Orb.
     0 | D:1      | Reached XP level 1. HP: 11/11 MP: 2/2
   236 | D:1      | Reached XP level 2. HP: 7/17 MP: 0/3
  1206 | D:1      | Reached XP level 3. HP: 16/21 MP: 0/5
  1826 | D:2      | Reached skill level 1 in Conjurations
  1838 | D:2      | Reached skill level 4 in Air Magic
  2109 | D:2      | Reached XP level 4. HP: 27/27 MP: 4/6
  2262 | D:2      | Found a radiant altar of Vehumet.
  2272 | D:2      | Became a worshipper of Vehumet
  2396 | D:3      | Noticed Terence
  2402 | D:2      | Learned a level 2 spell: Swiftness
  3051 | D:3      | Killed Terence
  3287 | D:3      | Reached XP level 5. HP: 31/31 MP: 3/7
  3659 | D:3      | Reached skill level 5 in Air Magic
  4321 | D:4      | Found a snail-covered altar of Cheibriados.
  4471 | D:4      | Found a white marble altar of Elyvilon.
  4622 | D:4      | Reached XP level 6. HP: 26/36 MP: 5/9
  4707 | D:4      | Acquired Vehumet's first power
  4707 | D:4      | Offered knowledge of Flame Tongue by Vehumet.
  4710 | D:4      | Learned a level 1 spell: Flame Tongue
  4713 | D:4      | Learned a level 2 spell: Repel Missiles
  5076 | D:5      | Entered Level 5 of the Dungeon
  5100 | D:5      | Reached skill level 6 in Air Magic
  5176 | D:5      | Reached XP level 7. HP: 6/41 MP: 2/12
  5457 | D:5      | Found an ancient bone altar of Kikubaaqudgha.
  5527 | D:5      | Got a steaming cap
  5530 | D:5      | Identified the +1 cap of the Flute {Str+5} (You found it on level 5 of the Dungeon)
  5720 | D:5      | Reached skill level 1 in Fire Magic
  5745 | D:5      | Killed from afar by an orc priest

Action                   |  1- 3 |  4- 6 |  7- 9 || total
-------------------------+-------+-------+-------++-------
Melee: Unarmed           |    79 |    31 |       ||   110
 Cast: Shock             |    64 |   128 |    29 ||   221
       Swiftness         |       |     1 |       ||     1
       Flame Tongue      |       |    11 |    12 ||    23
       Repel Missiles    |       |     1 |       ||     1
  Use: Potion            |       |     4 |       ||     4
       Scroll            |       |     9 |       ||     9
